 Dungeon Crawl Stone Soup version 0.29.1-1-gd02db6906a (webtiles) character file.

Game seed: 2147795938657426260

149 MisterFreud the Sneak (level 5, -1/24 HPs)
             Began as a Felid Berserker on Oct 11, 2022.
             Was a Believer of Trog.
             Slain by a howler monkey (4 damage)
             ... on level 4 of the Dungeon.
             The game lasted 00:02:36 (4390 turns).

MisterFreud the Sneak (Felid Berserker)             Turns: 4390, Time: 00:02:37

Health: -1/24      AC:  1    Str: 13    XL:     5   Next: 9%
Magic:  6/6        EV: 18    Int:  9    God:    Trog [**....]
Gold:   132        SH:  0    Dex: 17    Spells: 4/4 levels left
                                        Lives:  0   Deaths: 1

rFire   . . .      SeeInvis +     - Unarmed
rCold   . . .      Faith    .   (shield unavailable)
rNeg    . . .      Spirit   .   (body armour unavailable)
rPois   .          Reflect  .   (helmet unavailable)
rElec   .          Harm     .   (cloak unavailable)
rCorr   .          Rampage  .   (gloves unavailable)
Will    .....                   (boots unavailable)
Stlth   +++.......              (no amulet)
HPRegen 0.08/turn               (no ring)
MPRegen 0.10/turn               (no ring)

@: on berserk cooldown, slowed, slow
A: very small, claws 1, fangs 3, see invisible, speed 1, shaggy fur 1, stealthy
paws, no weapons or thrown items, no armour, multi-lived
a: Renounce Religion, Berserk, Trog's Hand


You were on level 4 of the Dungeon.
You worshipped Trog.
Trog was pleased with you.
You visited 1 branch of the dungeon, and saw 4 of its levels.

You collected 132 gold pieces.

Inventory:

Wands
 b - a wand of flame (20)
Scrolls
 a - 4 scrolls of identify
 c - 4 scrolls of immolation {unknown}
 f - a scroll of enchant armour
Potions
 d - 2 potions of flight


   Skills:
 - Level 3.0 Fighting
 - Level 4.0 Dodging
 + Level 5.3 Stealth
 + Level 4.9 Unarmed Combat


You had 4 spell levels left.
You didn't know any spells.
Your spell library was empty.

Dungeon Overview and Level Annotations

Branches:
Dungeon (4/15)
 Temple: D:4-7

Altars:
Qazlal
Zin

Shops:
D:2 [

Annotations:
D:4 Pikel


Innate Abilities, Weirdness & Mutations

You have sharp claws.
You have razor-sharp teeth.
You have supernaturally acute eyesight. (SInv)
You cover ground quickly. (Speed+)
You are covered in fur. (AC +1)
Your paws help you pounce on unaware monsters.
You are incapable of wielding weapons or throwing items.
You cannot wear armour.
You gain extra lives every three experience levels.


Message History

You kill the adder!
Trog accepts your kill. The scorpion closely misses you.
Things that are here:
an adder corpse; a hound corpse You scratch the scorpion.
The scorpion is moderately wounded.
The howler monkey hoots and howls with incredible vigour!
You hear a shout!
You claw the scorpion! You bite the scorpion.
The scorpion is severely wounded.
The scorpion stings you.
* * * LOW HITPOINT WARNING * * *
You scratch the scorpion but do no damage.
The scorpion is severely wounded.
The scorpion stings you.
* * * LOW HITPOINT WARNING * * *
You claw the scorpion!
You kill the scorpion!
Trog accepts your kill.
Your Stealth skill increases to level 5!
You have reached level 5!
You feel clever.
You claw the ball python!
You kill the ball python!
Trog accepts your kill.
The howler monkey hoots and howls with incredible vigour!
You hear an angry hiss.
You feel a strong urge to attack something.
You are no longer berserk.
You are exhausted.
You feel yourself slow down.
The hobgoblin shouts!
The howler monkey completely misses you.
You are too injured to fight recklessly!
You are too injured to fight recklessly!
You scratch the howler monkey.
The howler monkey is moderately wounded.
The howler monkey hits you.
You die...

###### #...>..## ####
#........########..#
..........##.......#
..........#.h@#.##.#
..........#.#.#....#
........s...#†##..##
.........g###.##..#
.........###..#...#
[.........##.##..##
.........$##.##...###
.............#...†..#
.....!......##.#..#..#


You could see a howler monkey (catching breath) and a hobgoblin.

Vanquished Creatures
  A lemure (D:3)
  A scorpion (D:4)
  A hound (D:4)
  4 adders
  2 worms
  2 dart slugs
  2 orcs (D:3)
  7 endoplasms
  5 giant cockroaches
  6 goblins
  3 hobgoblins
  4 jackals
  3 kobolds
  4 quokkas
  5 ball pythons
  5 bats
  A frilled lizard (D:2)
  6 rats
62 creatures vanquished.

Notes
Turn   | Place    | Note
-------+----------+-------------------------------------------
     0 | D:1      | MisterFreud the Felid Berserker began the quest for the
                  | Orb.
     0 | D:1      | Reached XP level 1. HP: 10/10 MP: 2/2
   271 | D:1      | Reached skill level 1 in Stealth
   325 | D:1      | Reached XP level 2. HP: 14/14 MP: 3/3
   619 | D:1      | Reached skill level 2 in Stealth
  1697 | D:2      | Found Teimit's Armour Shoppe.
  1832 | D:2      | Reached XP level 3. HP: 17/17 MP: 4/4
  1976 | D:2      | Found a faded altar of an unknown god.
  2074 | D:2      | Reached ** piety under Trog
  2100 | D:2      | Reached skill level 3 in Stealth
  2979 | D:3      | Reached XP level 4. HP: 8/21 MP: 5/5
  3158 | D:3      | Found a stormy altar of Qazlal.
  3407 | D:3      | Reached skill level 4 in Stealth
  3782 | D:3      | Found a glowing silver altar of Zin.
  4000 | D:4      | Noticed a lemure
  4001 | D:4      | Noticed Pikel
  4002 | D:4      | Noticed a lemure
  4002 | D:4      | Noticed a lemure
  4004 | D:4      | Noticed a lemure
  4015 | D:3      | Killed a lemure
  4337 | D:4      | Slain by Pikel
  4338 | D:4      | Reached XP level 3. HP: -2/25 MP: 4/4
  4362 | D:4      | Noticed a scorpion
  4381 | D:4      | Reached XP level 4. HP: 10/21 MP: 5/5
  4386 | D:4      | Killed a scorpion
  4387 | D:4      | Reached skill level 5 in Stealth
  4387 | D:4      | Reached XP level 5. HP: 4/24 MP: 6/6
  4390 | D:4      | Slain by a howler monkey

Illustrated notes

Levels and vault maps discovered:
D:1:      lemuel_arrival_cross, layout_basic
D:2:      layout_basic, serial_shops, nicolae_shop_hallway_plus,
          ebering_ecumenical_altar_sacrificial, nrook_mini_vaults,
          minmay_misc_feat_rows
D:3:      layout_loops_corners, zin_statuary, grunt_qazlal_sundering
D:4:      layout_rooms, nicolae_tso_swordbearing_angel,
          lemuel_coloured_pillars_altar, mainiacjoe_overflow_alcove_1,
          temple_doors_cd, serial_glass, glass_columns_a, glass_columns_b,
          minmay_a_box_with_orc_wizards_in_it, uniq_pikel

Skill      XL: |  1  2  3  4 |
---------------+-------------+-----
Stealth        | 1 2 3 5 |  5.3
Unarmed Combat | 4 |  4.9
Fighting       | |  3.0
Dodging        | |  4.0

Action                   |  1- 3 |  4- 6 || total
-------------------------+-------+-------++-------
Melee: Unarmed           |   122 |    48 ||   170
       Bite              |    13 |     5 ||    18
       Punch             |     4 |     1 ||     5
Invok: Berserk           |     1 |     2 ||     3
  Use: Scroll            |     7 |       ||     7
 Stab: Sleeping          |    12 |     3 ||    15
Armor: Skin              |    12 |     1 ||    13
Dodge: Dodged            |    93 |    30 ||   123
